Workbook

Sheet Weighting
B2: Weighting | D2: When choosing your next move, which of these factors are most important, or least important?
D3: ONLY FILL IN THE GREEN BLOCKS ON THIS SPREADSHEET
B4: Financial
B5: Starting salary | D5: how important is your starting salary? Can you afford to build up to a great salary, or do you need your money from day 1 to be good.
C6: 1 | D6: Low / salary isnt important to begin, ive got some stashed cash to keep me going
C7: 2 | D7: Medium Low / I need an income, but it doesn’t have to be maximum to start
C8: 3 | D8: Medium 50/50, either way its not a deal breaker
C9: 4 | D9: Medium High / cashflow is important from the outset
C10: 5 | D10: High / I cannot go into debt I need a full salary from day 1
C11: Answer | D11: just fill in the number eg. 5
B13: Long Term Earning Potential | D13: how important is the long term earning potential ?
C14: 1 | D14: Low / I need cash now! Ill figure the rest out later
C15: 2 | D15: Medium Low / its important but ive got more important issues to fix first
C16: 3 | D16: Medium / 50/50 Im not sure
C17: 4 | D17: Medium High / It’s fairy important factor in my decision, I cant waste time on a dead end job
C18: 5 | D18: High / Huge importance, this is my exit strategy, im tired of re-inventing myself
C19: Answer
B21: Financial Risk Factor | D21: How risk averse are you?
C22: 1 | D22: Low / Fuck it, im throwing caution to the wind, im young and gotta take chances
C23: 2 | D23: Medium Low / im not a cowboy, but ill take a chance
C24: 3 | D24: Medium / 50/50 Im not sure really
C25: 4 | D25: Medium High / Woah buddy, this looks dangerous, and I don’t like to burn myself
C26: 5 | D26: High / ive been burned and I aint playing with fire ever again
C27: Answer
B28: Practical
B29: Location | D29: How Important is where you work?
C30: 1 | D30: Low / im here to explore, give me a map and lets ride
C31: 2 | D31: Medium Low / I don’t mind a bit of commute
C32: 3 | D32: Medium / 50/50 Im not really sure if I care or I don’t?
C33: 4 | D33: Medium High / im not wasting my life in traffic, location pretty important
C34: 5 | D34: High / I want to roll out of bed and work in my boxers
C35: Answer
B37: Work Hours | D37: How Important are the daily grind rules/routine
C38: 1 | D38: Low / I dig office banter, ill take whatever comes my way
C39: 2 | D39: Medium Low / 8-5 is not ideal but im desperate
C40: 3 | D40: Medium / 50/50 I have no preference
C41: 4 | D41: Medium High / these are the hours of my life! Don’t steal them
C42: 5 | D42: High / Every second counts, this is vital, I cant be clock watching
C43: Answer
B45: Company Potential | D45: How important is it tht the company be established
C46: 1 | D46: Low / I want to be part of a startup and build something from scratch
C47: 2 | D47: Medium Low / well it would be nice but its not a deal breaker
C48: 3 | D48: Medium / 50/50 im not phased either way
C49: 4 | D49: Medium High / my wife makes half the overheads, so I cant risk too much
C50: 5 | D50: High / I have a family and the only earner, if this company fails we are homeless
C51: Answer
B52: Strategic
B53: Passionate | D53: Do you care if you love what you do?
C54: 1 | D54: Low / stop giving me that fairy bullshit, work is work, let go
C55: 2 | D55: Medium Low / Nah its minor, I can get into anything if im getting a salary
C56: 3 | D56: Medium / 50/50 I don’t mind
C57: 4 | D57: Medium High / I need to give a shit
C58: 5 | D58: High / hell yes, I need to feel inspired and change the world
C59: Answer
B61: Skillset | D61: Do you need to be good at your job from day 1?
C62: 1 | D62: Low / nah im a fast learner, bring it on
C63: 2 | D63: Medium Low/ ill have a go I reckon, nervous face
C64: 3 | D64: Medium / 50/50 it would be nice but its not a deal breaker
C65: 4 | D65: Medium High / yeah I need to be confident
C66: 5 | D66: High / Of course, im not going to embarress myself for a second!
C67: Answer
B69: Mentorship | D69: How important are the people you will learn from?
C70: 1 | D70: Low / don’t care, im going take their jjobs soon anyway
C71: 2 | D71: Medium Low / kinda nice to look up to someone, but im a loner
C72: 3 | D72: Medium / 50/50 not a deal breaker
C73: 4 | D73: Medium High / I thrive under good leadership and this is important
C74: 5 | D74: High / vital , I must have the best mentor it will make all the difference
C75: Answer

Sheet Job Opportunities
B1: ONLY FILL IN THE GREEN BLOCKS ON THIS SPREADSHEET
B2: List 5 Job Opportunities | C2: Total Scores
A4: 1 | B4: eg. Astronaut | C4: =Questions!E5+Questions!E12+Questions!E19+Questions!E26+Questions!E33+Questions!E40+Questions!E47+Questions!E55+Questions!E63 -> #VALUE!
A7: 2 | C7: =Questions!E6+Questions!E13+Questions!E20+Questions!E27+Questions!E34+Questions!E41+Questions!E48+Questions!E56+Questions!E64 -> #VALUE!
A10: 3 | C10: =Questions!E7+Questions!E14+Questions!E21+Questions!E28+Questions!E35+Questions!E42+Questions!E49+Questions!E57+Questions!E65 -> #VALUE!
A13: 4 | C13: =Questions!E8+Questions!E15+Questions!E22+Questions!E29+Questions!E36+Questions!E43+Questions!E50+Questions!E58+Questions!E66 -> #VALUE!
A16: 5 | C16: =Questions!E9+Questions!E16+Questions!E23+Questions!E30+Questions!E37+Questions!E44+Questions!E51+Questions!E59+Questions!E67 -> #VALUE!

Sheet Questions
B1: ONLY FILL IN THE GREEN BLOCKS ON THIS SPREADSHEET
B2: Questions
B4: How is the starting salary in this job? | C4: Weighting | D4: =Weighting!D11 -> just fill in the number eg. 5
B5: 1. nothing from nothing is nothing! Zero | C5: ='Job Opportunities'!B4 -> eg. Astronaut | E5: =D5*D$4 -> #VALUE!
B6: 2. small bit of beer money | C6: ='Job Opportunities'!B7 -> 0 | E6: =D6*D$4 -> #VALUE!
B7: 3. ag its okay, but probably half of what I need | C7: ='Job Opportunities'!B10 -> 0 | E7: =D7*D$4 -> #VALUE!
B8: 4. Pretty good, covers my overheads | C8: ='Job Opportunities'!B13 -> 0 | E8: =D8*D$4 -> #VALUE!
B9: 5. They see me rollin, they hatin! Im putting money in da bank! | C9: ='Job Opportunities'!B16 -> 0 | E9: =D9*D$4 -> #VALUE!
B11: Hows the future earning potential in this position? | C11: Weighting | D11: =Weighting!D19 -> 0
B12: 1. this is the highest I will ever go in this company, so not high | C12: =C5 -> eg. Astronaut | E12: =D12*D$11 -> 0
B13: 2. could do well, but its unclear, but not likely | C13: =C6 -> 0 | E13: =D13*D$11 -> 0
B14: 3. could be good/ could be bad | C14: =C7 -> 0 | E14: =D14*D$11 -> 0
B15: 4. pretty good man, im aiming at vice president, I know I can do his job | C15: =C8 -> 0 | E15: =D15*D$11 -> 0
B16: 5. Shares and boat and hoes… I could get rich here | C16: =C9 -> 0 | E16: =D16*D$11 -> 0
B18: Is there any personal risk in this for you? | C18: Weighting | D18: =Weighting!D27 -> 0
B19: 1. I could lose everything I own | C19: =C12 -> eg. Astronaut | E19: =D19*D$18 -> 0
B20: 2. ya but its limited to my life savings | C20: =C13 -> 0 | E20: =D20*D$18 -> 0
B21: 3. its not clear at this stage but moderately risky | C21: =C14 -> 0 | E21: =D21*D$18 -> 0
B22: 4. Not much other than my reputation | C22: =C15 -> 0 | E22: =D22*D$18 -> 0
B23: 5. I will be better off no matter what | C23: =C16 -> 0 | E23: =D23*D$18 -> 0
B25: Where is this job located | C25: Weighting | D25: =Weighting!D35 -> 0
B26: 1. on the bladdy moon, im looking at hours in the car every day | C26: =C19 -> eg. Astronaut | E26: =D26*D$25 -> 0
B27: 2. ya look not great, but im not scared of a little road rash | C27: =C20 -> 0 | E27: =D27*D$25 -> 0
B28: 3. not worse than most jobs, im indifferent to location | C28: =C21 -> 0 | E28: =D28*D$25 -> 0
B29: 4. close! Im going be popping home for lunch! | C29: =C22 -> 0 | E29: =D29*D$25 -> 0
B30: 5. literally working in my boxers and living the dream, perfect location | C30: =C23 -> 0 | E30: =D30*D$25 -> 0
B32: What are the Work Hours Like? | C32: Weighting | D32: =Weighting!D43 -> 0
B33: 1. murder in first degree, ill be in prison for the rest of my days | C33: =C26 -> eg. Astronaut | E33: =D33*D$32 -> 0
B34: 2. man slaughter, its going to be rough, but there is light at end of tunnel | C34: =C27 -> 0 | E34: =D34*D$32 -> 0
B35: 3. Assualt with deadly weapon, 9-5 the usual | C35: =C28 -> 0 | E35: =D35*D$32 -> 0
B36: 4. breaking and entering, in and out in a flash, minimal sentence | C36: =C29 -> 0 | E36: =D36*D$32 -> 0
B37: 5. Hedge fund manager, your sentence will be served at a luxury resort of your choice | C37: =C30 -> 0 | E37: =D37*D$32 -> 0
B39: Company Potential | C39: Weighting | D39: =Weighting!D51 -> 0
B40: 1. It’s a bootstrapped start up, good chance of it going up in flames | C40: =C33 -> eg. Astronaut | E40: =D40*D$39 -> 0
B41: 2. Great idea for a business, but not guarenteed success | C41: =C34 -> 0 | E41: =D41*D$39 -> 0
B42: 3. its got 50/50 shot at being successful | C42: =C35 -> 0 | E42: =D42*D$39 -> 0
B43: 4. Already established, going strong, pretty damn good opportunity | C43: =C36 -> 0 | E43: =D43*D$39 -> 0
B44: 5. It’s the best in the market, and everyone wants to work here | C44: =C37 -> 0 | E44: =D44*D$39 -> 0
B46: Passion, it’s the reason why we do this | C46: Weighting | D46: =Weighting!D59 -> 0
B47: 1. Couldn’t careless about the job, it’s a means to an end | C47: =C40 -> eg. Astronaut | E47: =D$46*D47 -> 0
B48: 2. I care about doing a good job, but that’s about as far as it goes in this position | C48: =C41 -> 0 | E48: =D$46*D48 -> 0
B49: 3. Somedays will be great, some day not so great | C49: =C42 -> 0 | E49: =D$46*D49 -> 0
B50: 4. Pretty damn excited to be a part of this | C50: =C43 -> 0 | E50: =D$46*D50 -> 0
B51: 5. This will be my legacy to the world! I cant wait to get up and do this every day. | C51: =C44 -> 0 | E51: =D$46*D51 -> 0
B54: Skillset , have you got what it takes | C54: Weighting | D54: =Weighting!D67 -> 0
B55: 1. I have no idea where to begin with this, its going to be hard | C55: =C47 -> eg. Astronaut | E55: =D55*D$54 -> 0
B56: 2. I'm pretty clueless but I'll learn quick | C56: =C48 -> 0 | E56: =D56*D$54 -> 0
B57: 3. Okay, I think I can do this | C57: =C49 -> 0 | E57: =D57*D$54 -> 0
B58: 4. I've got this,I think I'm pretty damn good | C58: =C50 -> 0 | E58: =D58*D$54 -> 0
B59: 5. I was born for this. I know exactly how im going to make it work | C59: =C51 -> 0 | E59: =D59*D$54 -> 0
B62: Leaders and Potential to Learn and Grow | C62: Weighting | D62: =Weighting!D75 -> 0
B63: 1. Bunch of dicks | C63: =C55 -> eg. Astronaut | E63: =D63*D$62 -> 0
B64: 2. Not great, but that’s not important when the company is | C64: =C56 -> 0 | E64: =D64*D$62 -> 0
B65: 3. Who cares I don’t | C65: =C57 -> 0 | E65: =D65*D$62 -> 0
B66: 4. good leadership, I think im going to learn a lot | C66: =C58 -> 0 | E66: =D66*D$62 -> 0
B67: 5. im here more for them than the company, they are incredible | C67: =C59 -> 0 | E67: =D67*D$62 -> 0
